 Dungeon Crawl Stone Soup version 0.27-a0-767-g00efbec225 (webtiles) character file.

Game seed: 1672944041652706983

200 DasRunzen the Conjurer (level 5, -5/41 HPs)
             Began as a Demigod Conjurer on Mar 25, 2021.
             Killed from afar by Natasha (8 damage)
             ... with a magic dart
             ... on level 4 of the Dungeon.
             The game lasted 00:04:55 (3547 turns).

DasRunzen the Conjurer (Demigod Conjurer)           Turns: 3547, Time: 00:04:56

Health: -5/41      AC:  2    Str: 10 (12) XL:     5   Next: 24%
Magic:  3/11       EV: 12    Int: 18 (20) God:
Gold:   159        SH:  0    Dex:  9 (12) Spells: 6/9 levels left

rFire    . . .     SeeInvis .   (no weapon)
rCold    . . .     Faith    .   (no shield)
rNeg     . . .     Spirit   .   a - +0 robe
rPois    .         Reflect  .   (no helmet)
rElec    .         Harm     .   (no cloak)
rCorr    .         Rampage  .   (no gloves)
Will     .....                  (no boots)
Stlth    ++........             (no amulet)
HPRegen  0.13/turn              (no ring)
MPRegen  0.12/turn              (no ring)

@: hasted and slowed
A: high mp 1, forlorn
a: no special abilities


You were on level 4 of the Dungeon.
You visited 1 branch of the dungeon, and saw 4 of its levels.

You collected 159 gold pieces.

Inventory:

Armour
 a - a +0 robe (worn)
Scrolls
 b - a scroll of enchant weapon
 c - a scroll of enchant armour {unknown}
Potions
 g - 2 potions of curing
 h - 3 potions of degeneration


   Skills:
 + Level 1.9 Fighting
 + Level 1.8 Armour
 + Level 2.8 Dodging
 - Level 1.7 Stealth
 + Level 2.6 Spellcasting
 + Level 4.2 Conjurations


You had 6 spell levels left.
You knew the following spells:

 Your Spells              Type           Power      Damage    Failure   Level
a - Magic Dart            Conj           68%        1d6       3%          1
b - Searing Ray           Conj           34%        3d4       4%          2

Your spell library contained the following spells:

 Spells                   Type           Power      Damage    Failure   Level
 Dazzling Flash           Conj/Hex       20%        N/A       22%         3
 Fulminant Prism          Conj/Hex       5%         3d7       56%         4
 Iskenderun's Mystic Bla  Conj/Tloc      10%        2d4       56%         4


Dungeon Overview and Level Annotations

Branches:
Dungeon (4/15)
 Temple: D:4-7

Annotations:
D:4 1 runed translucent door, Natasha; ReteAZ's ghost, amateur OgVM


Innate Abilities, Weirdness & Mutations

Your attributes grow dramatically as you level up.
You have an increased reservoir of magic. (+10% MP)
You shall have no god before yourself.


Message History

You hit the giant cockroach but do no damage.
The giant cockroach is moderately wounded.
The giant cockroach barely misses you.
You hit the giant cockroach.
The giant cockroach is severely wounded.
The giant cockroach bites you.
You closely miss the giant cockroach.
The giant cockroach is severely wounded.
The giant cockroach bites you.
You barely miss the giant cockroach.
The giant cockroach is severely wounded.
The giant cockroach bites you. The giant cockroach misses you.
You hit the giant cockroach.
You kill the giant cockroach!
You see here a giant cockroach corpse.
Casting: Magic Dart (safe; 2% risk of failure)
Confirm with . or Enter, or press ? or * to list all spells.
You can't see any susceptible monsters within range! (Use Z to cast anyway.)
You start resting.
Natasha, Servant of Life and Death comes into view.
Natasha claws you!
* * * LOW HITPOINT WARNING * * *
You see here a giant cockroach corpse.
It was a potion of curing.
You feel better.
Natasha stares at you and mumbles some strange words.
The magic dart hits you!
* * * LOW HITPOINT WARNING * * *
It was a potion of degeneration.
There was something very wrong with that liquid.
You feel weakened.
You feel dopey.
You feel clumsy. Natasha claws you.
* * * LOW HITPOINT WARNING * * *
It was a potion of haste.
You feel yourself speed up.
Natasha mumbles some strange words.
Natasha stares at you and mumbles some strange words.
You feel yourself slow down.
The crimson imp blinks!
The crimson imp blinks!
Natasha stares at you and mumbles some strange words.
The magic dart hits you!
You die...

#..#....#...#....# #.
####†...#..#.###..#...#
#.....###....###.##.....
#.............##..##.#...
##...........)......####(.
#(.......#.........##.. ..
#........#............ .
##.....§.h..5...........
####.†....)@........##....
##.##..#..............#....
#..#...#........#..........
#......#......####.....###
#...##.........####....#.#
###.............##.........
#......[.......#.....##..
#.......#.##..........# #
.......##..>>...........


You could see Natasha and a crimson imp (summoned).

Vanquished Creatures
  An ogre (D:4)
  An iguana (D:4)
  Natasha (D:4)
  An adder (D:2)
  2 dart slugs
  2 orcs (D:3)
  5 ball pythons
  3 bats
  4 endoplasms
  5 giant cockroaches
  7 goblins
  3 hobgoblins
  5 jackals
  3 quokkas
  4 frilled lizards
  A kobold (D:4)
  A rat (D:1)
49 creatures vanquished.

Notes
Turn   | Place    | Note
-------+----------+-------------------------------------------
     0 | D:1      | DasRunzen the Demigod Conjurer began the quest for the Orb.
     0 | D:1      | Reached XP level 1. HP: 14/14 MP: 5/5
     6 | D:1      | Noticed a water moccasin
     6 | D:1      | Noticed a redback
     6 | D:1      | Noticed a hog
     7 | D:1      | Noticed a five-headed hydra
   549 | D:1      | Reached XP level 2. HP: 22/22 MP: 2/7
   552 | D:1      | Learned a level 2 spell: Searing Ray
  1456 | D:2      | Reached skill level 1 in Fighting
  1456 | D:2      | Reached XP level 3. HP: 21/28 MP: 1/8
  1624 | D:2      | Reached skill level 1 in Armour
  3017 | D:4      | Noticed a phantom
  3049 | D:4      | Found a runed translucent door.
  3052 | D:4      | Noticed ReteAZ's ghost (amateur OgVM)
  3052 | D:4      | Noticed a bullfrog
  3057 | D:4      | Noticed a +0 dagger
  3057 | D:4      | Noticed a +0 short sword
  3058 | D:4      | Noticed a +0 dagger
  3058 | D:4      | Noticed a +0 falchion
  3058 | D:4      | Noticed a +0 falchion
  3059 | D:4      | Noticed a +0 short sword
  3059 | D:4      | Noticed a +0 spear
  3060 | D:4      | Noticed a +0 spear
  3191 | D:4      | Noticed an ogre
  3197 | D:4      | Killed an ogre
  3198 | D:4      | Reached skill level 4 in Conjurations
  3198 | D:4      | Reached XP level 4. HP: 36/36 MP: 2/10
  3305 | D:4      | Reached XP level 5. HP: 27/41 MP: 5/11
  3499 | D:4      | Noticed Natasha
  3510 | D:4      | Killed Natasha
  3536 | D:4      | Noticed Natasha
  3539 | D:4      | HP: 2/41 [Natasha (5)]
  3547 | D:4      | Killed from afar by Natasha

Illustrated notes

Levels and vault maps discovered:
D:1:      onia_arrival_zoo_common, layout_basic, minmay_shallow_snake_nest
D:2:      layout_basic, general_overflow_altar, amethyst_killhole
D:3:      layout_rooms
D:4:      layout_cave_pools, nicolae_uskayaw_en_pointe, ebering_ghost_sewer_f,
          uniq_ijyb, uniq_natasha

Skill      XL: |  1  2  3 |
---------------+----------+-----
Dodging        | 2 |  2.8
Spellcasting   | 2 |  2.6
Fighting       | 1 |  1.9
Armour         | 1 |  1.8
Conjurations   | 4 |  4.2
Stealth        | |  1.7

Action                   |  1- 3 |  4- 6 || total
-------------------------+-------+-------++-------
Melee: Unarmed           |    15 |     6 ||    21
 Cast: Magic Dart        |    85 |    16 ||   101
       Searing Ray       |     2 |     2 ||     4
  Use: Scroll            |     9 |       ||     9
       Potion            |       |     3 ||     3
Dodge: Dodged            |    16 |    13 ||    29

Table legend: (Time is in decaauts)
 A = Elapsed time spent in this place.
 B = Non-inter-level travel time spent in this place.
 C = Inter-level travel time spent in this place.
 D = Time resting spent in this place.
 E = Time spent auto-exploring this place.
 F = Levels seen in this place.
 G = Mean time per level.
                   A        B        C        D        E       F      G
               +--------+--------+--------+--------+--------+-----+--------+
         Total |   3546 |   3497 |     49 |    222 |   2991 |   4 |  886.5 |
       Dungeon |   3546 |   3497 |     49 |    222 |   2991 |   4 |  886.5 |
               +--------+--------+--------+--------+--------+-----+--------+

Top non-repeatable levels by time:
     D:1: 1340 daAuts
     D:2: 1083 daAuts
     D:3: 599 daAuts
     D:4: 523 daAuts
